Map: Ancient Cistern LE

Players

A.I. 2 (Harder) - Winner!

  • Race: Terran Terran
  • Spawn Location: 7:00

ViBE

  • Race: Zerg Zerg
  • Spawn Location: 1:00

VOD

Have the link to the VOD?

Description

Time

  • Played on: July 22, 2023, 5:30 p.m.
  • Length: 8:38
Show
View Real Time Build Order
Export as new Build Order

A.I. 2 (Harder) Terran - Winner!

Build Orders:  

Get SALT Encoding   

  12  0:00  SCV  
  13  0:13  SCV  
  14  0:18  Supply Depot  
  14  0:25  SCV  
  15  0:40  SCV  
  16  0:43  Barracks  
  16  0:49  Refinery  
  16  0:52  SCV  
  17  1:04  SCV  
  18  1:16  SCV  
  19  1:20  Supply Depot  
  19  1:29  SCV  
  19  1:30  Marine  
  21  1:41  Orbital Command, Barracks  
  21  1:49  Refinery, Barracks Tech Lab  
  21  2:07  Marine, Supply Depot  
  22  2:24  Marine  
  22  2:27  Marine  
  24  2:37  Supply Depot  
  24  2:42  Marine  
  25  2:45  Marine  
  26  3:01  Marauder  
  26  3:03  Marine  
  29  3:12  Supply Depot  
  29  3:20  SCV  
  29  3:21  Marine  
  29  3:23  Marauder  
  33  3:32  SCV  
  33  3:34  Engineering Bay  
  34  3:39  Marine  
  35  3:44  Marine, SCV  
  37  3:56  SCV  
  37  4:02  Marauder  
  40  4:04  Supply Depot  
  40  4:08  SCV  
  41  4:20  SCV  
  41  4:24  Marauder  
  44  4:45  Marauder  
  46  5:06  Marauder  
  48  5:28  Marauder  
  50  5:49  Barracks Tech Lab  
  50  5:50  Stimpack, Terran Infantry Weapons Level 1, Reaper  
  50  5:53  Factory  
  50  5:55  Factory  
  51  5:57  Command Center, Missile Turret  
  51  5:58  Missile Turret  
  51  6:00  Supply Depot  
  51  6:07  Ghost Academy, Marine, Combat Shield  
  52  6:22  Marine  
  52  6:25  Marine  
  54  6:28  Bunker  
  54  6:36  Factory Tech Lab  
  54  6:39  Starport  
  53  6:40  Marine  
  53  6:42  Ghost  
  53  6:43  Hellion, Starport  
  54  6:54  Hellion  
  54  6:56  Command Center  
  54  6:57  Marine  
  55  7:05  Factory Tech Lab  
  55  7:11  Marine  
  55  7:15  Marine, Starport Tech Lab  
  55  7:18  Supply Depot  
  55  7:19  Starport Tech Lab  
  55  7:26  Concussive Shells  
  55  7:29  Reaper  
  56  7:33  Marine  
  56  7:34  Raven  
  59  7:37  Raven  
  44  7:51  Marine  
  45  8:01  Marine  
  46  8:09  Marauder  
  46  8:11  SCV  
  49  8:19  Refinery, SCV, Marine  
  51  8:25  Refinery  
Show
View Real Time Build Order
Export as new Build Order

ViBE Zerg 

Build Orders: Hatch First 

Get SALT Encoding   

  12  0:00  Drone  
  13  0:12  Overlord  
  13  0:19  Drone  
  14  0:31  Drone x2  
  16  0:49  Hatchery  
  15  0:52  Drone  
  15  0:54  Drone  
  17  0:58  Drone  
  18  1:11  Spawning Pool  
  18  1:15  Drone  
  18  1:19  Drone  
  19  1:28  Drone  
  20  1:40  Extractor  
  20  1:41  Drone  
  20  1:49  Overlord  
  20  1:58  Queen  
  20  2:01  Drone, Queen  
  24  2:02  Drone  
  26  2:16  Overlord  
  26  2:17  Drone  
  27  2:27  Drone  
  27  2:29  Drone  
  29  2:33  Drone x2  
  31  2:37  Queen  
  31  2:40  Lair  
  31  2:43  Drone  
  34  2:46  Roach Warren  
  33  3:03  Drone  
  33  3:04  Drone x2  
  36  3:08  Drone  
  36  3:09  Drone x6  
  36  3:11  Overlord  
  43  3:22  Overlord  
  43  3:26  Overlord, Extractor  
  42  3:27  Extractor x2  
  42  3:30  Roach  
  42  3:31  Roach  
  44  3:37  Roach  
  46  3:46  Drone x6  
  52  3:49  Hydralisk Den  
  52  3:55  Drone  
  52  4:00  Drone  
  52  4:02  Drone  
  54  4:08  Overlord  
  54  4:20  Drone x2  
  54  4:21  Drone  
  57  4:27  Lurker Den  
  57  4:28  Grooved Spines  
  57  4:29  Hydralisk x2  
  60  4:35  Overlord x2  
  60  4:37  Drone  
  61  4:48  Hatchery  
  61  4:50  Hydralisk  
  61  4:51  Hydralisk x2  
  66  4:58  Hydralisk  
  66  4:59  Hydralisk  
  70  5:02  Hydralisk x2  
  70  5:04  Hydralisk  
  76  5:07  Overlord  
  76  5:09  Hydralisk  
  78  5:25  Lurker  
  78  5:27  Lurker  
  80  5:30  Drone x6  
  80  5:35  Drone x6  
  87  5:37  Lurker  
  93  5:48  Overlord x2  
  93  5:56  Overlord  
  93  6:02  Hydralisk  
  93  6:03  Hydralisk  
  97  6:13  Extractor, Hydralisk x3  
  97  6:14  Extractor  
  101  6:22  Muscular Augments  
  101  6:24  Hydralisk  
  101  6:25  Hydralisk x2  
  107  6:36  Hydralisk x3  
  73  7:34  Hydralisk x10  
  86  7:46  Hydralisk x3  
Tags
 
Matchup
TvZ
Player
ViBE
Spawn Locations
Cross Positions
Add a new tag
Caveats
  • Supply blocks, unpowered buildings, or Contaminate may cause inaccurate times.
  • Supply counts are checked every 10 seconds.